 Dungeon Crawl Stone Soup version 0.27-a0-1026-gbab068f60c (webtiles) character file.

Game seed: 10999203511266596549

17945 Morbidden the Covert (level 11, -10/94 HPs)
             Began as a Demigod Brigand on Apr 18, 2021.
             Mangled by a +4 long sword (12 damage)
             ... on level 12 of the Dungeon.
             The game lasted 00:25:13 (15522 turns).

Morbidden the Covert (Demigod Brigand)             Turns: 15522, Time: 00:25:13

Health: -10/94     AC: 12    Str: 24    XL:     11   Next: 97%
Magic:  18/18      EV: 19    Int: 13    God:
Gold:   709        SH: 18    Dex: 15    Spells: 15/15 levels left

rFire    . . .     SeeInvis .   a - +5 dagger (elec)
rCold    . . .     Faith    .   g - +1 tower shield
rNeg     . . .     Spirit   .   i - +0 ring mail
rPois    .         Reflect  .   s - +0 helmet
rElec    .         Harm     .   c - +0 cloak
rCorr    .         Rampage  .   E - +0 pair of gloves
Will     +....                  C - +1 pair of boots
Stlth    +++.......             (no amulet)
HPRegen  0.25/turn              j - ring of the Hare {EV+8}
MPRegen  0.16/turn              u - +4 ring of slaying

@: mighty, hasted, very quick
A: high mp 1, forlorn
a: no special abilities


You were on level 12 of the Dungeon.
You visited 2 branches of the dungeon, and saw 14 of its levels.
You also visited: Gauntlet.

You collected 839 gold pieces.
You spent 130 gold pieces at shops.

Inventory:

Hand Weapons
 a - a +5 dagger of electrocution (weapon)
 b - a +0 hunting sling of freezing
 I - a +0 scimitar
Missiles
 d - 57 poisoned darts (quivered)
 l - 2 curare-tipped darts
 p - 130 sling bullets
 t - 13 silver javelins
 w - 5 atropa-tipped darts
Armour
 c - a +0 cloak (worn)
 g - a +1 tower shield (worn)
 i - a +0 ring mail (worn)
 s - a +0 helmet (worn)
 C - a +1 pair of boots (worn)
 E - a +0 pair of gloves (worn)
Magical Staves
 N - a staff of conjuration
Jewellery
 e - a ring of resist corrosion
 j - the ring of the Hare (left hand) {EV+8}
   (You found it in a Gauntlet)

   [ring of evasion]

   It affects your evasion (+8).
 u - a +4 ring of slaying (right hand)
 x - a ring of protection from cold
 B - a +6 ring of dexterity
 D - a +4 ring of protection
 F - a +4 ring of protection
 O - a +6 ring of strength
 P - a ring of see invisible
Wands
 v - a wand of paralysis (7)
 G - a wand of flame (8)
Scrolls
 n - 2 scrolls of teleportation
 o - 4 scrolls of amnesia
 y - a scroll of fear
 A - 4 scrolls of identify
 K - 3 scrolls of fog
 M - 2 scrolls of brand weapon
Potions
 f - a potion of magic
 h - 3 potions of attraction
 k - 5 potions of curing
 m - a potion of resistance
 q - 5 potions of brilliance
 z - a potion of might
 J - a potion of mutation {unknown}
 L - a potion of cancellation
Miscellaneous
 H - a lightning rod (1/4)


   Skills:
 * Level 7.9 Fighting
 + Level 7.0 Short Blades
 + Level 1.3(2.6) Slings
 + Level 3.6(3.7) Throwing
 + Level 6.1 Armour
 * Level 8.2 Dodging
 * Level 8.6 Stealth
 + Level 7.7 Shields
 * Level 2.8 Spellcasting
 + Level 1.3 Evocations


You had 15 spell levels left.
You didn't know any spells.
Your spell library contained the following spells:

 Spells                   Type           Power      Damage    Failure   Level
 Sting                    Tmut/Pois      4%         1d3       97%         1
 Poisonous Vapours        Pois/Air       2%         N/A       99%         2
 Static Discharge         Conj/Air       1%         N/A       99%         2
 Confusing Touch          Hex            1%         N/A       100%        3
 Gell's Gravitas          Tloc           0%         N/A       100%        3
 Ignite Poison            Fire/Tmut/Pois 1%         N/A       100%        3
 Mephitic Cloud           Conj/Pois/Air  1%         N/A       100%        3
 Olgreb's Toxic Radiance  Pois           1%         N/A       100%        4
 Petrify                  Tmut/Erth      1%         N/A       100%        4
 Lightning Bolt           Conj/Air       0%         1d11      100%        5
 Metabolic Englaciation   Hex/Ice        0%         N/A       100%        5
 Yara's Violent Unravell  Hex/Tmut       0%         3d3       100%        5
 Ignition                 Fire           0%         3d3       100%        8
 Shatter                  Erth           0%         3d5*      100%        9
 Tornado                  Air            0%         N/A       100%        9


Dungeon Overview and Level Annotations

Branches:
Dungeon (13/15)            Temple (1/1) D:6            Lair (0/6) D:10
    Orc (0/2) D:11         Vaults (0/5) D:13        Gauntlet (visited)

Shops:
D:8 *[!

Annotations:
D:9 3 runed translucent doors, Morbidden's ghost, novice DjNe
D:11 2 transporters, sbaton's ghost, novice FoFi


Innate Abilities, Weirdness & Mutations

Your attributes grow dramatically as you level up.
You have an increased reservoir of magic. (+10% MP)
You shall have no god before yourself.


Message History

The +4 long sword is heavily damaged.
You block the +4 long sword's attack. The +4 long sword hits you.
* * * LOW HITPOINT WARNING * * *
You closely miss the +4 long sword.
The +4 long sword is heavily damaged.
You block the +4 long sword's attack.
Unknown command.
Unknown command.
Unknown command.
Okay, then.
You feel yourself speed up. The +4 long sword hits you.
* * * LOW HITPOINT WARNING * * *
You block the +4 long sword's attack.
There is an escape hatch in the ceiling here.
You block the +4 long sword's attack. A mysterious force pulls you upwards.
The hatch slams shut behind you.
Unknown command.
You block the +4 long sword's attack. You block the +4 long sword's attack.
You see here a +0 robe.
You block the +4 long sword's attack.
Okay, then.
Okay, then.
You feel very mighty all of a sudden. You block the +4 long sword's attack.
You puncture the +4 long sword!
The +4 long sword is moderately damaged.
The +4 long sword hits you!
* * * LOW HITPOINT WARNING * * *
You miss the +4 long sword.
The +4 long sword is moderately damaged.
The +4 long sword hits you!
* * * LOW HITPOINT WARNING * * *
You puncture the +4 long sword!
The +4 long sword is heavily damaged.
You block the +4 long sword's attack.
You completely miss the +4 long sword.
The +4 long sword is heavily damaged.
The +4 long sword hits you!
You die...

#################################
................................#
.....<..........####........###.#
................# #........###.#
############.<..# #....#.......#
############....####....#.......#
................@(..............#
###########################.....#
#.....# #.....# #.....# #.....#
#.....# #.....# ###.....#


You could see a +4 long sword.

Vanquished Creatures
  A minotaur (Gauntlet)
  A great orb of eyes (Gauntlet)
  4 two-headed ogres
  Nergalle (D:12)
  3 ugly things
  An elephant (D:10)
  2 gargoyles (D:12)
  An unseen horror (D:10)
  A komodo dragon (D:12)
  A troll (D:12)
  2 hornets
  4 slime creatures (D:12)
  2 raiju (Gauntlet)
  A shadow (D:11)
  14 yaks
  A vampire (D:6)
  A wraith (D:12)
  2 wyverns
  Grum (D:11)
  A basilisk (D:10)
  3 steam dragons
  2 vampire mosquitoes (D:10)
  An acid dragon (D:10)
  2 water moccasins (D:7)
  9 orc warriors
  2 black bears
  A sky beast (D:5)
  2 necrophages
  An ice beast (D:6)
  2 wolves (D:11)
  3 centaurs
  5 bullfrogs
  A water moccasin zombie (D:5)
  2 scorpions
  A killer bee (D:7)
  3 wights (D:10)
  6 howler monkeys
  3 electric eels
  A crimson imp (D:5)
  A bullfrog zombie (D:5)
  7 centaur zombies
  4 jellies
  7 orc priests
  A bullfrog skeleton (D:5)
  A hound (D:5)
  Jessica (D:3)
  3 iguanas
  Natasha (twice) (D:2)
  5 orc wizards
  A howler monkey zombie (D:9)
  5 adders
  A howler monkey skeleton (D:5)
  3 shadow imps
  An adder skeleton (D:5)
  3 worms
  2 dart slugs
  31 orcs
  3 ball pythons
  8 endoplasms
  2 giant cockroaches (D:3)
  10 goblins
  2 hobgoblins
  4 jackals (D:1)
  4 kobolds
  3 quokkas
  3 bats
  4 frilled lizards
  8 rats
225 creatures vanquished.

Vanquished Creatures (others)
  5 plants (Gauntlet)
5 creatures vanquished.

Grand Total: 230 creatures vanquished

Notes
Turn   | Place    | Note
-------+----------+-------------------------------------------
     0 | D:1      | Morbidden the Demigod Brigand began the quest for the Orb.
     0 | D:1      | Reached XP level 1. HP: 17/17 MP: 3/3
    35 | D:1      | Reached skill level 1 in Dodging
   264 | D:1      | Reached XP level 2. HP: 24/24 MP: 4/4
   942 | D:1      | Reached XP level 3. HP: 29/29 MP: 5/5
  1447 | D:2      | Noticed Natasha
  1450 | D:2      | Killed Natasha
  1862 | D:2      | Noticed Natasha
  1871 | D:2      | Killed Natasha
  1872 | D:2      | Reached XP level 4. HP: 23/37 MP: 6/6
  2538 | D:3      | Noticed Jessica
  2547 | D:3      | Killed Jessica
  2829 | D:3      | Reached skill level 5 in Stealth
  2968 | D:4      | Reached XP level 5. HP: 42/42 MP: 7/7
  3124 | D:4      | Noticed a necrophage
  3131 | D:4      | Killed a necrophage
  3399 | D:4      | Reached XP level 6. HP: 51/51 MP: 8/8
  3738 | D:5      | Entered Level 5 of the Dungeon
  4382 | D:5      | Reached skill level 1 in Shields
  4382 | D:5      | Reached XP level 7. HP: 57/57 MP: 9/9
  4800 | D:6      | Found a staircase to the Ecumenical Temple.
  4861 | D:6      | Noticed a vampire
  4870 | D:6      | Killed a vampire
  4871 | D:6      | Reached skill level 1 in Armour
  5717 | Temple   | Entered the Ecumenical Temple
  6301 | D:7      | Reached XP level 8. HP: 47/67 MP: 10/10
  6891 | D:7      | Reached skill level 5 in Fighting
  7429 | D:8      | Found Poticwat's General Store.
  7519 | D:8      | Reached skill level 5 in Short Blades
  8082 | D:8      | Found Hoysics's Distillery.
  8087 | D:8      | Bought a potion of heal wounds for 65 gold pieces
  8087 | D:8      | Bought a potion of heal wounds for 65 gold pieces
  8096 | D:8      | Found Efuytaj's Armour Boutique.
  8232 | D:8      | Reached XP level 9. HP: 45/74 MP: 11/11
  8834 | D:9      | Noticed a skeletal warrior
  9305 | D:9      | Found a runed translucent gate.
  9306 | D:9      | Found a runed translucent gate.
  9306 | D:9      | Found a runed translucent gate.
  9309 | D:9      | Noticed Morbidden's ghost (novice DjNe)
  9507 | D:9      | Noticed a shining eye
  9529 | D:10     | Entered Level 10 of the Dungeon
  9611 | D:10     | Noticed a two-headed ogre
 10079 | D:9      | Reached skill level 5 in Dodging
 10401 | D:10     | Reached skill level 5 in Armour
 10401 | D:10     | Reached skill level 5 in Shields
 10453 | D:10     | Reached XP level 10. HP: 66/83 MP: 13/13
 10486 | D:10     | Killed a two-headed ogre
 11021 | D:10     | Found a staircase to the Lair.
 11021 | D:10     | Noticed an elephant
 11169 | D:10     | Killed an elephant
 11790 | D:11     | Noticed a four-headed hydra
 11791 | D:11     | Noticed a deep troll earth mage
 11794 | D:11     | Noticed sbaton's ghost (novice FoFi)
 11800 | D:11     | Noticed Grum
 11812 | D:11     | Killed Grum
 11885 | D:11     | Found a transporter.
 11888 | D:11     | Found a transporter.
 12039 | D:11     | Noticed a two-headed ogre
 12044 | D:11     | Killed a two-headed ogre
 12159 | D:11     | Reached XP level 11. HP: 92/92 MP: 14/14
 12893 | D:11     | Found a staircase to the Orcish Mines.
 13204 | D:12     | Noticed a two-headed ogre
 13264 | D:12     | Reached skill level 1 in Spellcasting
 13497 | D:12     | Found a gate leading to a gauntlet.
 13508 | Gauntlet | Entered a Gauntlet
 13508 | Gauntlet | Found a transporter.
 13513 | Gauntlet | Found a transporter.
 13516 | Gauntlet | Found a transporter.
 13529 | Gauntlet | Found a transporter.
 13530 | Gauntlet | Found a transporter.
 13534 | Gauntlet | Noticed a great orb of eyes
 13539 | Gauntlet | Found a transporter.
 13549 | Gauntlet | Found the ring of the Hare {EV+8}
 13552 | Gauntlet | Noticed a dire elephant
 13555 | Gauntlet | Found a transporter.
 13566 | Gauntlet | Found a transporter.
 13569 | Gauntlet | Noticed a balrug
 13576 | Gauntlet | Found a transporter.
 13581 | Gauntlet | Noticed a dire elephant
 13590 | Gauntlet | Found a transporter.
 13602 | Gauntlet | Noticed a death scarab
 13603 | Gauntlet | Found a transporter.
 13603 | Gauntlet | Found a transporter.
 13660 | Gauntlet | Found a transporter.
 13677 | Gauntlet | Found a transporter.
 13677 | Gauntlet | Found a runed translucent door.
 14101 | Gauntlet | Paralysed by a great orb of eyes for 7 turns
 14105 | Gauntlet | HP: 3/92 [great orb of eyes (14)]
 14112 | Gauntlet | Killed a great orb of eyes
 14410 | Gauntlet | Noticed a minotaur
 14421 | Gauntlet | Killed a minotaur
 14661 | D:12     | Killed a two-headed ogre
 14662 | D:12     | Reached skill level 1 in Evocations
 14769 | D:12     | Noticed Nergalle
 14877 | D:12     | Killed Nergalle
 15049 | D:12     | Noticed a two-headed ogre
 15060 | D:12     | Killed a two-headed ogre
 15061 | D:12     | Reached skill level 1 in Slings
 15372 | D:13     | Noticed a +7 long sword
 15373 | D:13     | Found a gate to the Vaults.
 15374 | D:13     | Noticed a +4 long sword
 15520 | D:12     | HP: 1/94 [+4 long sword (16)]
 15522 | D:12     | Mangled by a +4 long sword

Illustrated notes

Levels and vault maps discovered:
D:1:      sevenhm_arrival_forest_fort_small_3, layout_basic,
          basic_ecumenical_altar, minmay_misc_feat_doors, skrybe_limestone_x
D:2:      layout_loops_ring, kennysheep_minor_cross, uniq_natasha
D:3:      layout_loops_corners, uniq_jessica
D:4:      layout_layer_cave, mrwooster_statue_mirror
D:5:      layout_basic, grunt_temple_overflow_champion_of_chaos
D:6:      layout_gridville, kennysheep_mini_moat,
          minmay_temple_entry_butterflies
D:7:      layout_basic, hangedman_decor_push, kennysheep_generic_room_10
D:8:      layout_rooms, overflow_temple_1_default, nicolae_wu_jian_wuxing_cycle,
          nicolae_overflow_quartered_altars, serial_shops, shop, shop, shop,
          lightli_minifort
D:9:      layout_loops_cross, gammafunk_ghost_necromancy, st_stairs_9,
          minmay_three_doors
D:10:     layout_cave_pools, david_lair_generic
D:11:     layout_basic, david_orc_4, gammafunk_ghost_arena,
          hangedman_abyss_or_decor_clamps, trog_butcher_becter, uniq_grum
D:12:     layout_stronghold, gauntlet_entry_generic, uniq_nergalle
D:13:     layout_rooms, erik_vaults_1, serial_park_tiny_pond
Temple:   cyrus_circular_temple

Skill      XL: |  1  2  3  4  5  6  7  8  9 10 11 |
---------------+----------------------------------+-----
Dodging        | 1 2 3 5 7 8 |  8.2
Stealth        | 4 5 6 7 8 |  8.6
Fighting       | 2 3 4 5 6 7 |  7.9
Short Blades   | 2 3 4 5 6 7 |  7.0
Shields        | 1 2 3 5 6 7 |  7.7
Throwing       | 2 3 |  3.6
Armour         | 1 3 5 6 |  6.1
Spellcasting   | 2 |  2.8
Evocations     | 1 |  1.3
Slings         | 1 |  1.3

Action                   |  1- 3 |  4- 6 |  7- 9 | 10-12 || total
-------------------------+-------+-------+-------+-------++-------
Melee: Dagger            |   113 |    99 |   265 |   390 ||   867
 Fire: Hunting sling     |       |       |       |     9 ||     9
Throw: Dart              |       |       |    24 |    17 ||    41
Evoke: Lightning rod     |       |       |     2 |     5 ||     7
       Wand              |       |       |       |     9 ||     9
  Use: Scroll            |       |    14 |     7 |     7 ||    28
       Potion            |       |     4 |     2 |    11 ||    17
 Stab: Sleeping          |    15 |    14 |     3 |     7 ||    39
       Distracted        |       |     1 |     1 |     3 ||     5
       Paralysed         |       |       |       |     5 ||     5
Armor: Robe              |    26 |     4 |       |       ||    30
       Ring mail         |       |    32 |    95 |   109 ||   236
       Skin              |       |       |     5 |     7 ||    12
Dodge: Dodged            |    62 |    24 |    68 |    99 ||   253
Block: Tower shield      |       |    33 |   226 |   316 ||   575

Table legend: (Time is in decaauts)
 A = Elapsed time spent in this place.
 B = Non-inter-level travel time spent in this place.
 C = Inter-level travel time spent in this place.
 D = Time resting spent in this place.
 E = Time spent auto-exploring this place.
 F = Levels seen in this place.
 G = Mean time per level.
                   A        B        C        D        E       F      G
               +--------+--------+--------+--------+--------+-----+--------+
         Total |  15607 |  15178 |    429 |   2622 |   9842 |  15 | 1040.5 |
       Dungeon |  14558 |  14129 |    429 |   2148 |   9629 |  13 | 1119.8 |
        Temple |      1 |      1 |      0 |      0 |      0 |   1 |    1.0 |
      Gauntlet |   1047 |   1047 |      0 |    474 |    213 |   1 | 1047.0 |
               +--------+--------+--------+--------+--------+-----+--------+

Top non-repeatable levels by time:
     D:9: 1888 daAuts
    D:11: 1847 daAuts
     D:6: 1615 daAuts
     D:7: 1253 daAuts
    D:10: 1126 daAuts
     D:2: 1048 daAuts
Gauntlet: 1047 daAuts
     D:1: 1034 daAuts
    D:12: 1032 daAuts
     D:8: 971 daAuts
     D:3: 860 daAuts
     D:4: 840 daAuts
     D:5: 810 daAuts
    D:13: 229 daAuts
  Temple: 1 daAuts
